 Dungeon Crawl Stone Soup version 0.32-a0-699-g1ee5eff69a (webtiles) character file.

Game seed: 7905740879998854237

645 Griffin23 the Chopper (level 7, -1/61 HPs)
             Began as a Minotaur Fighter on Mar 13, 2024.
             Was a Plaything of Xom.
             Slain by a basilisk (3 damage)
             ... created by the adversity of Qazlal
             ... while petrified by a basilisk
             ... on level 5 of the Dungeon.
             The game lasted 00:17:54 (5618 turns).

Griffin23 the Chopper (Minotaur Fighter)            Turns: 5618, Time: 00:17:54

Health: -1/61      AC: 12    Str: 22    XL:     7   Next: 27%
Magic:  0/6        EV:  2    Int:  5    God:    Xom [.*....]
Gold:   143        SH:  0    Dex: 10    Spells: 6/6 levels left

rFire   . . .        a - +0 war axe
rCold   . . .        c - +0 buckler
rNeg    + + +        r - +0 plate armour
rPois   ∞            (helmet restricted)
rElec   .            (no cloak)
rCorr   .            g - +0 pair of gloves
SInv    .            (no boots)
Will    .....        f - amulet of guardian spirit Stlth
                     (no ring)
HPRegen 0.30/turn    (no ring)
MPRegen 0.10/turn

%: guardian spirit
@: petrified
A: reduced essence, horns 2, retaliatory headbutt
a: Renounce Religion


You were on level 5 of the Dungeon.
You worshipped Xom.
You were a plaything of Xom.
You visited 2 branches of the dungeon, and saw 6 of its levels.

You collected 221 gold pieces.
You donated 15 gold pieces to Zin.
You paid 63 gold pieces to Gozag.

Inventory:

Hand Weapons
 a - a +0 war axe (weapon)
Armour
 b - a +0 scale mail
 c - a +0 buckler (worn)
 g - a +0 pair of gloves (worn)
 m - a +0 chain mail
 r - a +0 plate armour (worn)
Jewellery
 d - a ring of fire
 f - an amulet of guardian spirit (around neck)
 A - a +6 ring of intelligence
Wands
 e - a wand of polymorph (10)
 v - a wand of charming (6)
 y - a wand of digging (6)
 E - a wand of iceblast (12)
Scrolls
 h - 2 scrolls of vulnerability {unknown}
 j - a scroll of blinking {unknown}
 k - a scroll of poison {unknown}
 l - a scroll of teleportation
 n - a scroll of enchant armour {unknown}
 p - a scroll of fear {unknown}
 u - a scroll of revelation {unknown}
 B - a scroll of enchant weapon {unknown}
 D - a scroll of identify
Potions
 i - 3 potions of curing
 o - a potion of ambrosia {unknown}
 q - a potion of degeneration
 s - 2 potions of heal wounds
 t - a potion of lignification
 w - a potion of mutation {unknown}
 x - a potion of attraction {unknown}
 z - a potion of brilliance {unknown}
 C - a potion of invisibility {unknown}


   Skills:
 * Level 5.4(2.7) Fighting
 * Level 7.1(3.5) Axes
 * Level 5.9(2.9) Armour
 + Level 4.4(2.2) Shields


You had 6 spell levels left.
You didn't know any spells.
Your spell library contained the following spells:

 Spells                   Type           Power      Damage    Failure   Level
 Apportation              Tloc           0%         N/A       100%        1
 Sandblast                Erth           0%         2d4       100%        1
 Jinxbite                 Hex            0%         N/A       100%        2
 Call Canine Familiar     Summ           0%         N/A       100%        3
 Sigil of Binding         Hex            0%         N/A       100%        3
 Stone Arrow              Conj/Erth      0%         3d7       100%        3
 Brom's Barrelling Bould  Conj/Erth      0%         2d3       100%        4
 Dimensional Bullseye     Hex/Tloc       0%         N/A       100%        4
 Vhi's Electric Charge    Tloc/Air       0%         N/A       100%        4
 Alistair's Intoxication  Alch           0%         N/A       100%        5
 Arcjolt                  Conj/Air       0%         1d10      100%        5
 Plasma Beam              Fire/Air       0%         2x1d10    100%        6


Dungeon Overview and Level Annotations

Branches:
Dungeon (5/15)             Temple (1/1) D:4

Altars:
Ashenzari
Dithmenos
Elyvilon
Fedhas
Gozag
Hepliaklqana
Kikubaaqudgha
Makhleb
Nemelex Xobeh
Qazlal
Ru
Uskayaw
Vehumet
Wu Jian
Xom
Yredelemnul
Zin
The Shining One

Shops:
D:4 :


Innate Abilities, Weirdness & Mutations

Your life essence is reduced to manifest your ancestor. (-10% HP)
You have a pair of horns on your head.
You reflexively headbutt those who attack you in melee.


Message History

The basilisk is moderately wounded.
You hit the basilisk. The basilisk gazes at you.
You are slowing down.
The basilisk bites you.
* * * LOW HITPOINT WARNING * * *
Aiming: Charm
Press: ? - help, Shift-Dir - straight line, f - basilisk
Aim: a basilisk (moderately wounded, durably summoned, fast, incited by Gozag, chance to affect: 49%)
The basilisk resists with some effort.
The basilisk bites you but does no damage.
The basilisk barely misses you. The basilisk bites you.
* * * LOW HITPOINT WARNING * * *
The basilisk bites you.
* * * LOW HITPOINT WARNING * * *
You block the basilisk's attack. The basilisk bites you!
* * * LOW HITPOINT WARNING * * *
Your limbs are stiffening.
As you read the scroll of teleportation, it crumbles to dust.
You feel strangely unstable. The basilisk gazes at you.
Your limbs have turned to stone.
The basilisk gazes at you. You resist with significant effort.
The basilisk gazes at you. You resist with significant effort.
The basilisk completely misses you.
You have turned to stone.
The basilisk gazes at you. The basilisk bites you!
* * * LOW HITPOINT WARNING * * *
The basilisk bites you.
* * * LOW HITPOINT WARNING * * *
The basilisk barely misses you. The basilisk bites you.
The basilisk bites you but does no damage.
Your surroundings seem slightly different.
Xom roars with laughter!
The basilisk bites you but does no damage.
The basilisk bites you!
You die...
Xom cackles wildly!

#..###. ... #..#..
... ....
#.#.####.# .....
#...#..#.# .....
#.....#.#
.....#####....#.#
#.............<#
#............#.#
#.....l@.....#+#
#.....§l....†...#
##...........#...#
.../.........#...+
.............#...#
...#######.......+
... #...... .
#....... .......


You could see 2 basilisks.

Vanquished Creatures
  The ghost of GNSpeed the Trooper, an amateur GrFi (D:3)
  Edmund (D:5)
  A black bear (D:4)
  A wight (D:5)
  A howler monkey (D:4)
  An orc priest (D:3)
  3 hounds (D:4)
  A jelly (D:4)
  Jessica (D:2)
  An orc wizard (D:3)
  A scorpion simulacrum (D:3)
  Robin (D:2)
  A human zombie (D:5)
  An adder (D:2)
  A hound simulacrum (D:3)
  A dart slug (D:1)
  A ribbon worm (D:4)
  2 adder simulacra (D:3)
  3 orcs (D:3)
  13 ball pythons
  7 endoplasms
  6 giant cockroaches
  8 goblins
  5 hobgoblins
  4 jackals (D:4)
  6 quokkas
  A ball python simulacrum (D:3)
  4 bats
  3 frilled lizards
  7 kobolds
  A quokka simulacrum (D:3)
  2 rats
91 creatures vanquished.

Vanquished Creatures (collateral kills)
  A water moccasin (D:5)
  A black bear (D:5)
  2 wights (D:5)
4 creatures vanquished.

Grand Total: 95 creatures vanquished

Notes
Turn   | Place    | Note
-------+----------+-------------------------------------------
     0 | D:1      | Griffin23 the Minotaur Fighter began the quest for the Orb.
     0 | D:1      | Reached XP level 1. HP: 19/19 MP: 0/0
   102 | D:1      | Reached XP level 2. HP: 27/27 MP: 1/1
   306 | D:1      | Reached XP level 3. HP: 33/33 MP: 2/2
   309 | D:1      | Reached skill level 3 in Axes
   936 | D:2      | Noticed Jessica
   941 | D:2      | Killed Jessica
  1184 | D:2      | Identified the +9 sling of the Supporting Seeker {freeze,
                  | rF+ MP-9 Str+3 Int+4}
  1197 | D:2      | Reached XP level 4. HP: 40/40 MP: 3/3
  1463 | D:2      | Reached skill level 4 in Axes
  1687 | D:3      | Noticed Robin
  1691 | D:2      | Killed Robin
  1773 | D:3      | Reached XP level 5. HP: 19/47 MP: 2/4
  1961 | D:3      | Found a runed translucent gate.
  1961 | D:3      | Found a runed translucent gate.
  1961 | D:3      | Found a runed translucent gate.
  1995 | D:3      | Noticed GNSpeed's ghost (amateur GrFi)
  2079 | D:3      | Found the +3 robe of Clouds {*Thunder rCloud rElec}
  2944 | D:3      | Reached skill level 5 in Axes
  2960 | D:3      | Killed GNSpeed's ghost
  2961 | D:3      | Reached skill level 5 in Armour
  2961 | D:3      | Reached XP level 6. HP: 50/55 MP: 2/5
  2973 | D:3      | Reached skill level 5 in Fighting
  2978 | D:3      | Reached skill level 6 in Axes
  3466 | D:4      | Reached XP level 7. HP: 54/61 MP: 4/6
  3550 | D:4      | Reached skill level 7 in Axes
  3654 | D:4      | Found a staircase to the Ecumenical Temple.
  3875 | D:4      | Found Pourcho Tias's Self-Published Books.
  4157 | Temple   | Entered the Ecumenical Temple
  4432 | Temple   | Became a worshipper of Uskayaw the Reveller
  4451 | Temple   | Fell from the grace of Uskayaw
  4451 | Temple   | Became a worshipper of Gozag Ym Sagoz the Greedy
  4462 | Temple   | Fell from the grace of Gozag
  4462 | Temple   | Became a worshipper of Nemelex Xobeh the Trickster
  4470 | Temple   | Fell from the grace of Nemelex Xobeh
  4470 | Temple   | Became a worshipper of Qazlal Stormbringer
  4480 | Temple   | Fell from the grace of Qazlal
  4480 | Temple   | Became a worshipper of Hepliaklqana the Forgotten
  4484 | Temple   | Fell from the grace of Hepliaklqana
  4484 | Temple   | Became a worshipper of Kikubaaqudgha
  4493 | Temple   | Fell from the grace of Kikubaaqudgha
  4493 | Temple   | Became a worshipper of Ru the Awakened
  4499 | Temple   | Fell from the grace of Ru
  4499 | Temple   | Became a worshipper of Makhleb the Destroyer
  4502 | Temple   | Fell from the grace of Makhleb
  4502 | Temple   | Became a worshipper of Vehumet
  4514 | Temple   | Fell from the grace of Vehumet
  4514 | Temple   | Became a worshipper of the Wu Jian Council
  4518 | Temple   | Fell from the grace of Wu Jian
  4518 | Temple   | Became a worshipper of Fedhas Madash
  4522 | Temple   | Fell from the grace of Fedhas
  4522 | Temple   | Became a worshipper of Elyvilon the Healer
  4533 | Temple   | Fell from the grace of Elyvilon
  4533 | Temple   | Became a worshipper of the Shining One
  4554 | Temple   | Fell from the grace of the Shining One
  4554 | Temple   | Became a worshipper of Yredelemnul the Fallen
  4557 | Temple   | Fell from the grace of Yredelemnul
  4557 | Temple   | Became a worshipper of Zin the Law-Giver
  4557 | Temple   | Reached * piety under Zin
  4561 | Temple   | Fell from the grace of Zin
  4561 | Temple   | Became a worshipper of Dithmenos the Shadowed
  4574 | Temple   | Fell from the grace of Dithmenos
  4574 | Temple   | Became a worshipper of Ashenzari the Shackled
  4578 | Temple   | Fell from the grace of Ashenzari
  4578 | Temple   | Became a worshipper of Xom of Chaos
  5521 | D:5      | Entered Level 5 of the Dungeon
  5522 | D:5      | Noticed Edmund
  5522 | D:5      | XOM: silly message
  5578 | D:5      | XOM: cast spell 'Leda's Liquefaction'
  5590 | D:5      | Killed Edmund
  5612 | D:5      | Noticed a basilisk
  5612 | D:5      | Noticed a basilisk
  5616 | D:5      | HP: 2/61 [basilisk[the adversity of Qazlal] (3)]
  5618 | D:5      | Slain by a basilisk

Illustrated notes

Levels and vault maps discovered:
D:1:      lightli_arrival_maybe_door_vault, layout_basic, roderic_roman_lattice,
          minmay_pentomino_w4
D:2:      layout_basic, nicolae_underground_beach, uniq_jessica
D:3:      layout_basic, gammafunk_ghost_icy, uniq_robin
D:4:      layout_cave_pods, minmay_temple_entry_glassed_door,
          kennysheep_decorative_pillar, nicolae_custom_books
D:5:      layout_basic, mainiacjoe_overflow_alcove_1, uniq_edmund, uniq_pikel,
          uniq_duvessa
Temple:   hc_temple_tempest_star

Skill      XL: |  1  2  3  4  5  6  7 |
---------------+----------------------+-----
Armour         | 4 5 |  5.9
Shields        | 4 |  4.4
Axes           | 3 4 5 6 7 |  7.1
Fighting       | 4 5 |  5.4

Action                     |  1- 3 |  4- 6 |  7- 9 || total
---------------------------+-------+-------+-------++-------
  Melee: War axe           |    69 |    98 |    58 ||   225
         Headbutt          |     5 |    17 |    10 ||    32
  Evoke: Wand              |       |       |     5 ||     5
    Use: Potion            |       |     5 |       ||     5
         Scroll            |       |     3 |     1 ||     4
 Armour: Scale mail        |    64 |       |       ||    64
         Chain mail        |    13 |       |       ||    13
         Plate armour      |       |   105 |    82 ||   187
  Dodge: Dodged            |    47 |    30 |    20 ||    97
  Block: Buckler           |    16 |    26 |    19 ||    61

Table legend: (Time is in decaauts)
 A = Elapsed time spent in this place.
 B = Non-inter-level travel time spent in this place.
 C = Inter-level travel time spent in this place.
 D = Time resting spent in this place.
 E = Time spent auto-exploring this place.
 F = Levels seen in this place.
 G = Mean time per level.
                   A        B        C        D        E       F      G
               +--------+--------+--------+--------+--------+-----+--------+
         Total |   5732 |   5043 |    689 |   1547 |   2703 |   6 |  955.3 |
       Dungeon |   4397 |   4091 |    306 |    691 |   2703 |   5 |  879.4 |
        Temple |   1335 |    952 |    383 |    856 |      0 |   1 | 1335.0 |
               +--------+--------+--------+--------+--------+-----+--------+

Top non-repeatable levels by time:
     D:3: 1542 daAuts
  Temple: 1335 daAuts
     D:4: 1022 daAuts
     D:1: 866 daAuts
     D:2: 860 daAuts
     D:5: 105 daAuts
